 Dungeon Crawl Stone Soup version 0.31-a0-1576-ga3383bade6 (webtiles) character file.

Game seed: 1948730106994643348

714 Flugslaktarn the Trooper (level 7, -14/64 HPs)
             Began as a Minotaur Fighter on Jan 4, 2024.
             Demolished by an ogre
             ... wielding a +0 giant spiked club
              (16 damage)
             ... on level 5 of the Dungeon.
             The game lasted 00:01:32 (2559 turns).

Flugslaktarn the Trooper (Minotaur Fighter)         Turns: 2559, Time: 00:01:32

Health: -14/64     AC: 13    Str: 21    XL:     7   Next: 41%
Magic:  6/6        EV:  6    Int:  5    God:
Gold:   204        SH:  5    Dex: 11    Spells: 6/6 levels left

rFire   . . .        a - +0 war axe
rCold   . . .        c - +0 buckler
rNeg    . . .        r - +0 plate armour
rPois   .            (helmet restricted)
rElec   .            n - +0 cloak
rCorr   .            (no gloves)
SInv    .            (no boots)
Will    .....        (no amulet) Stlth
                     (no ring)
HPRegen 0.30/turn    (no ring)
MPRegen 0.10/turn

%: no passive effects
@: no status effects
A: horns 2, retaliatory headbutt
a: no special abilities


You were on level 5 of the Dungeon.
You visited 1 branch of the dungeon, and saw 5 of its levels.

You collected 204 gold pieces.

Inventory:

Hand Weapons
 a - a +0 war axe (weapon)
Armour
 b - a +0 scale mail
 c - a +0 buckler (worn)
 n - a +0 cloak (worn)
   (You took it off Crazy Yiuf on level 2 of the Dungeon)
 r - a +0 plate armour (worn)
   (You found it on level 4 of the Dungeon)
Jewellery
 l - a ring of wizardry
   (You found it on level 2 of the Dungeon)
 s - a +6 ring of intelligence
   (You found it on level 4 of the Dungeon)
Scrolls
 f - a scroll of identify {unknown}
 g - 2 scrolls of teleportation {unknown}
 h - 2 scrolls of vulnerability {unknown}
 j - 3 scrolls of blinking {unknown}
 m - a scroll of noise {unknown}
 p - a scroll of fear {unknown}
 t - a scroll of immolation {unknown}
Potions
 d - 2 potions of might
 e - a potion of magic {unknown}
 i - 2 potions of heal wounds {unknown}
 k - a potion of haste {unknown}
 o - 2 potions of curing {unknown}
 q - a potion of brilliance {unknown}


   Skills:
 * Level 6.8 Fighting
 * Level 6.1 Axes
 + Level 5.4 Armour
 + Level 5.3 Shields


You had 6 spell levels left.
You didn't know any spells.
Your spell library contained the following spells:

 Spells                   Type           Power      Damage    Failure   Level
 Jinxbite                 Hex            0%         N/A       100%        2
 Call Canine Familiar     Summ           0%         N/A       100%        3
 Inner Flame              Hex/Fire       0%         N/A       100%        3
 Sigil of Binding         Hex            0%         N/A       100%        3
 Summon Ice Beast         Ice/Summ       0%         N/A       100%        3
 Dimensional Bullseye     Hex/Tloc       0%         N/A       100%        4
 Leda's Liquefaction      Alch/Erth      0%         N/A       100%        4
 Irradiate                Conj/Alch      0%         3d11      100%        5
 Lee's Rapid Deconstruct  Erth           0%         3d4*      100%        5
 Summon Mana Viper        Hex/Summ       0%         N/A       100%        5
 Yara's Violent Unravell  Hex/Alch       0%         3d3       100%        5
 Bombard                  Conj/Erth      0%         9d1       100%        6
 Enfeeble                 Hex            0%         N/A       100%        7
 Monstrous Menagerie      Summ           0%         N/A       100%        7
 Ignition                 Fire           0%         3d3       100%        8


Dungeon Overview and Level Annotations

Branches:
Dungeon (5/15)
 Temple: D:4-7

Altars:

Shops:
D:1 (


Innate Abilities, Weirdness & Mutations

You have a pair of horns on your head.
You reflexively headbutt those who attack you in melee.


Message History

You feel sick.
No target in view!
No target in view!
No target in view!
You feel sick.
Things that are here:
a +0 club; 4 poisoned darts No target in view!
You feel sick.
You feel sick.
You now have 204 gold pieces (gained 10).
You feel sick.
You feel sick.
You feel sick.
You feel sick.
You are no longer poisoned.
You open the door.
There is an open door here.
Found a stone staircase leading down.
No target in view!
g - 2 scrolls labelled LITHRUPA YCSAICOET (gained 1)
t - a scroll labelled FYIGIL ZYCEIJ Done exploring.
Done exploring.
No target in view!
There is a stone staircase leading down here.
You climb downwards.
There is a stone staircase leading up here.
An ice beast is nearby!
Unknown command.
An ice beast is nearby!
An ice beast is nearby!
An ice beast is nearby!
A white imp comes into view.
The white imp shouts, "Quit, thou vain dizzy-eyed ratsbane!"
A sleepcap comes into view.
The ice beast hits you but does no damage.
You hit the ice beast but do no damage.
The ice beast hits you but does no damage.
You closely miss the ice beast.
The ice beast hits you but does no damage.
You hit the ice beast. Your headbutt misses the ice beast.
The ice beast is lightly wounded.
The ice beast hits you but does no damage.
You closely miss the ice beast.
The ice beast is lightly wounded.
You hit the white imp.
The white imp hits you but does no damage.
The ice beast barely misses you.
The white imp hits you but does no damage.
An ogre comes into view. It is wielding a +0 giant spiked club.
The ice beast completely misses you.
The ogre shouts!
You hit the ice beast.
The ice beast is moderately wounded.
You closely miss the white imp. The white imp gestures at you.
The puff of frost hits you. The ice beast hits you. The ice beast freezes you.
You slash the ice beast!
The ice beast is severely wounded.
You slash the white imp!
You kill the white imp!
The ice beast hits you but does no damage.
You barely miss the ice beast.
The ice beast is severely wounded.
You hit the sleepcap but do no damage. The ice beast hits you.
The ice beast freezes you! The sleepcap releases spores at you.
You slash the ice beast!
You headbutt the ice beast, but do no damage.
The ice beast is almost dead.
You hit the sleepcap but do no damage. You block the ice beast's attack.
The sleepcap releases spores at you but does no damage. x2
The ice beast barely misses you.
You barely miss the ice beast.
The ice beast is almost dead.
You slash the sleepcap!
The ice beast hits you but does no damage.
The sleepcap releases spores at you but does no damage.
You completely miss the ice beast. You headbutt the ice beast.
You kill the ice beast!
You hit the ogre. You slash the sleepcap!
The ogre hits you with a +0 giant spiked club!
The sleepcap releases spores at you.
You are engulfed in a cloud of soporific spores!
You fall asleep.
Your Axes skill increases to level 6!
The sleepcap releases spores at you.
You wake up.
The ogre hits you with a +0 giant spiked club!!
* * * LOW HITPOINT WARNING * * *
Okay, then.
Okay, then.
You hit the ogre.
The ogre is moderately wounded.
You hit the sleepcap.
The sleepcap releases spores at you but does no damage.
You hit the ogre.
The ogre is moderately wounded.
You hit the sleepcap.
The ogre hits you with a +0 giant spiked club!
You die...

## #.. ..
#.##.. ...
#..#.. ....
#.... #...
#...###..###
#...........
#....O....##
#.<.@.......
#....f.#....
.........##
#
...⌠..##.##
##...# ###
####


You could see an ogre and a sleepcap.

Vanquished Creatures
  An ice beast (D:5)
  An ogre (D:4)
  A scorpion (D:3)
  A bombardier beetle (D:4)
  3 orc priests
  2 jellies (D:4)
  Crazy Yiuf (D:2)
  Jessica (D:3)
  An iguana (D:4)
  An orc wizard (D:4)
  Robin (D:2)
  5 adders
  A white imp (D:5)
  4 dart slugs
  2 ribbon worms (D:2)
  8 orcs
  9 endoplasms
  4 giant cockroaches
  12 goblins
  11 hobgoblins
  8 jackals (D:1)
  11 kobolds
  8 quokkas
  3 ball pythons
  9 bats
  3 frilled lizards
  5 rats
117 creatures vanquished.

Notes
Turn   | Place    | Note
-------+----------+-------------------------------------------
     0 | D:1      | Flugslaktarn the Minotaur Fighter began the quest for the
                  | Orb.
     0 | D:1      | Reached XP level 1. HP: 19/19 MP: 0/0
    53 | D:1      | Reached XP level 2. HP: 27/27 MP: 1/1
   263 | D:1      | Reached XP level 3. HP: 33/33 MP: 2/2
   290 | D:1      | Found Pebluri's Weapon Boutique.
   771 | D:2      | Reached XP level 4. HP: 28/41 MP: 3/3
   795 | D:2      | Noticed Robin
   814 | D:2      | Killed Robin
   850 | D:2      | Found a runed translucent door.
   851 | D:2      | Noticed Crazy Yiuf
  1192 | D:2      | Killed Crazy Yiuf
  1193 | D:2      | Reached skill level 5 in Fighting
  1193 | D:2      | Reached XP level 5. HP: 28/48 MP: 4/4
  1466 | D:3      | Noticed Jessica
  1469 | D:3      | Killed Jessica
  1696 | D:3      | Reached XP level 6. HP: 36/57 MP: 5/5
  1816 | D:4      | Reached skill level 5 in Axes
  1895 | D:4      | Reached skill level 5 in Armour
  2084 | D:4      | Reached skill level 5 in Shields
  2117 | D:4      | Reached XP level 7. HP: 60/63 MP: 6/6
  2544 | D:5      | Entered Level 5 of the Dungeon
  2557 | D:5      | HP: 2/64 [ogre/+0 giant spiked club (24)]
  2559 | D:5      | Demolished by an ogre

Illustrated notes

Levels and vault maps discovered:
D:1:      wander_arrival_chamber, layout_loops_ring, serial_shops, shop,
          serial_park_tiny_pond
D:2:      layout_rooms, serial_glass, glass_columns_b, glass_columns_a,
          uniq_robin, uniq_crazy_yiuf_cottage
D:3:      layout_basic, uniq_jessica
D:4:      layout_gridville, serial_rivers, chequers_serial_rivers_micro_d,
          chequers_serial_rivers_micro_e, chequers_serial_rivers_small_b,
          chequers_serial_rivers_micro_b, chequers_serial_rivers_micro_c,
          chequers_serial_rivers_micro_e, due_unseen_surprise
D:5:      layout_cave_pools, lemuel_round_altar, regret_index_xom_of_box,
          mainiacjoe_overflow_six_doors_small

Skill      XL: |  1  2  3  4  5  6  7 |
---------------+----------------------+-----
Fighting       | 4 5 6 |  6.8
Axes           | 3 4 5 6 |  6.1
Armour         | 4 5 |  5.4
Shields        | 4 5 |  5.3

Action                     |  1- 3 |  4- 6 |  7- 9 || total
---------------------------+-------+-------+-------++-------
  Melee: War axe           |    91 |   112 |    26 ||   229
         Headbutt          |    13 |    20 |     5 ||    38
 Armour: Scale mail        |    65 |    62 |       ||   127
         Plate armour      |       |     6 |    33 ||    39
  Dodge: Dodged            |    52 |    45 |     8 ||   105
  Block: Buckler           |    22 |    19 |     3 ||    44

Table legend: (Time is in decaauts)
 A = Elapsed time spent in this place.
 B = Non-inter-level travel time spent in this place.
 C = Inter-level travel time spent in this place.
 D = Time resting spent in this place.
 E = Time spent auto-exploring this place.
 F = Levels seen in this place.
 G = Mean time per level.
                   A        B        C        D        E       F      G
               +--------+--------+--------+--------+--------+-----+--------+
         Total |   2632 |   2500 |    132 |      0 |   1910 |   5 |  526.4 |
       Dungeon |   2632 |   2500 |    132 |      0 |   1910 |   5 |  526.4 |
               +--------+--------+--------+--------+--------+-----+--------+

Top non-repeatable levels by time:
     D:4: 744 daAuts
     D:1: 725 daAuts
     D:2: 578 daAuts
     D:3: 566 daAuts
     D:5: 17 daAuts
